[ AOE2 MATCH · #481595535 ]
UnrankedPortuguese vs Georgians
[ REPLAY ANALYSIS · EXTRACTED FROM THE RECORDED GAME ]
Feudal
11:17
Castle
18:02
Imperial
31:18
| APM avg | 37.2 |
| APM peak | 71 |
| eAPM avg | 17.4 |
| Villagers / military | 109 / 76 |
Focus
⚔️ 23.6% · 🌾 76.4%
Scout Cavalry ×45 · Knight ×16 · Organ Gun ×8 · Trebuchet (Packed) ×4 · Monk ×3
Feudal
12:49
Castle
16:29
Imperial
24:06
| APM avg | 35.2 |
| APM peak | 87 |
| eAPM avg | 22.6 |
| Villagers / military | 162 / 149 |
Focus
⚔️ 14.2% · 🌾 85.8%
Hand Cannoneer ×136 · Bombard Cannon ×12 · Trade Cart ×5 · Monk ×1
Feudal
12:55
Castle
16:50
Imperial
34:04
| APM avg | 19.9 |
| APM peak | 67 |
| eAPM avg | 13.1 |
| Villagers / military | 134 / 109 |
Focus
⚔️ 31.1% · 🌾 68.9%
Monaspa ×109
Feudal
13:18
Castle
19:21
Imperial
27:17
| APM avg | 21.3 |
| APM peak | 77 |
| eAPM avg | 12.0 |
| Villagers / military | 81 / 130 |
Focus
⚔️ 33.6% · 🌾 66.4%
Hand Cannoneer ×97 · Janissary ×28 · Trade Cart ×8 · Bombard Cannon ×5
Feudal
11:07
Castle
16:02
Imperial
29:30
| APM avg | 25.9 |
| APM peak | 107 |
| eAPM avg | 15.5 |
| Villagers / military | 129 / 178 |
Focus
⚔️ 25.0% · 🌾 75.0%
Camel Scout ×92 · Shrivamsha Rider ×79 · Trebuchet (Packed) ×4 · Spearman ×3
Feudal
11:12
Castle
15:32
Imperial
31:30
| APM avg | 18.2 |
| APM peak | 43 |
| eAPM avg | 14.8 |
| Villagers / military | 100 / 264 |
Focus
⚔️ 49.3% · 🌾 50.7%
Shotel Warrior ×210 · Skirmisher ×45 · Spearman ×8 · Mangonel ×1
Match map
Initial resources + every placement click. Lines = walls · curves = elevation contours. ◆ gold · ⬟ stone · ● berries · ✦ relic · ◌ wall gap
Your base· ✓ Closed at 18:02 · 0t walls · 2 gate(s)
[fgook] 鱼塘支付宝's base· ✓ Closed at 16:29 · 0t walls · 3 gate(s)
Menke00's base· ✓ Closed at 16:50 · 0t walls · 2 gate(s)
Lobule's base· ✓ Closed at 19:21 · 0t walls · 2 gate(s)
JustTheKing's base· ✓ Closed at 16:02 · 0t walls · 3 gate(s)
Evellanda's base· ✓ Closed at 15:32 · 0t walls · 3 gate(s)
Smoothed initial terrain · ◌ = detected wall gap · hover for details
Inputs per minute
— 给你医保卡打欠费 - - [fgook] 鱼塘支付宝
Build order — 给你医保卡打欠费
First 150 of 307 actions detected
| 0:06 | Build | House |
| 0:08 | Build | House |
| 0:08 | Create | Villager (Male) |
| 0:08 | Create | Villager (Male) |
| 0:09 | Create | Villager (Male) |
| 0:22 | Create | Villager (Male) |
| 0:23 | Create | Villager (Male) |
| 0:23 | Create | Villager (Male) |
| 0:23 | Create | Villager (Male) |
| 1:36 | Create | Villager (Male) |
| 1:36 | Create | Villager (Male) |
| 1:55 | Build | Lumber Camp |
| 1:57 | Create | Villager (Male) |
| 1:58 | Create | Villager (Male) |
| 1:58 | Create | Villager (Male) |
| 2:26 | Create | Villager (Male) |
| 2:26 | Create | Villager (Male) |
| 2:27 | Create | Villager (Male) |
| 2:27 | Create | Villager (Male) |
| 2:58 | Create | Villager (Male) |
| 2:59 | Create | Villager (Male) |
| 2:59 | Create | Villager (Male) |
| 2:59 | Create | Villager (Male) |
| 3:23 | Build | House |
| 4:02 | Create | Villager (Male) |
| 4:18 | Create | Villager (Male) |
| 4:41 | Build | House |
| 4:47 | Create | Villager (Male) |
| 4:48 | Create | Villager (Male) |
| 5:27 | Create | Villager (Male) |
| 5:27 | Create | Villager (Male) |
| 5:28 | Create | Villager (Male) |
| 5:48 | Research | Loom |
| 5:49 | Research | Loom |
| 5:57 | Create | Villager (Male) |
| 5:57 | Create | Villager (Male) |
| 5:57 | Create | Villager (Male) |
| 6:05 | Build | Mill |
| 6:08 | Build | House |
| 6:27 | Create | Villager (Male) |
| 6:47 | Build | House |
| 8:04 | Create | Villager (Male) |
| 8:38 | Create | Villager (Male) |
| 9:07 | Research | Feudal Age |
| 9:08 | Research | Loom |
| 10:03 | Create | Villager (Male) |
| 10:04 | Create | Villager (Male) |
| 10:42 | Build | Mill |
| 11:17 | Age | Feudal Age |
| 11:19 | Build | Blacksmith |
| 11:25 | Build | Market |
| 11:30 | Research | Double-Bit Axe |
| 12:08 | Build | Farm |
| 12:15 | Build | Farm |
| 12:19 | Build | Farm |
| 12:22 | Build | Farm |
| 12:28 | Build | Farm |
| 12:35 | Build | Mining Camp |
| 12:40 | Create | Villager (Male) |
| 12:40 | Create | Villager (Male) |
| 12:42 | Create | Villager (Male) |
| 12:54 | Build | Farm |
| 12:58 | Build | Farm |
| 13:15 | Create | Villager (Male) |
| 13:44 | Research | Horse Collar |
| 14:26 | Build | Farm |
| 14:32 | Create | Villager (Male) |
| 14:51 | Create | Villager (Male) |
| 15:00 | Build | Farm |
| 15:18 | Research | Castle Age |
| 15:20 | Create | Villager (Male) |
| 15:20 | Create | Villager (Male) |
| 15:52 | Build | House |
| 16:03 | Build | House |
| 16:28 | Build | Barracks |
| 16:54 | Research | Gold Mining |
| 17:17 | Create | Villager (Male) |
| 17:17 | Create | Villager (Male) |
| 17:27 | Build | Farm |
| 17:35 | Create | Villager (Male) |
| 18:02 | Age | Castle Age |
| 18:05 | Build | Town Center |
| 18:07 | Research | Heavy Plow |
| 19:09 | Build | Mining Camp |
| 19:17 | Research | Stone Mining |
| 19:18 | Create | Villager (Male) |
| 19:18 | Create | Villager (Male) |
| 19:19 | Create | Villager (Male) |
| 19:20 | Create | Villager (Male) |
| 19:20 | Create | Villager (Male) |
| 19:28 | Build | Farm |
| 19:31 | Build | Farm |
| 19:33 | Build | Farm |
| 19:39 | Create | Villager (Male) |
| 19:40 | Create | Villager (Male) |
| 19:40 | Create | Villager (Male) |
| 19:40 | Create | Villager (Male) |
| 19:40 | Create | Villager (Male) |
| 19:48 | Build | Town Center |
| 20:03 | Create | Villager (Male) |
| 20:06 | Create | Villager (Male) |
| 20:07 | Create | Villager (Male) |
| 20:07 | Create | Villager (Male) |
| 20:22 | Research | Bow Saw |
| 20:34 | Build | Farm |
| 20:38 | Create | Villager (Male) |
| 20:38 | Create | Villager (Male) |
| 21:32 | Research | Wheelbarrow |
| 21:46 | Build | Farm |
| 22:08 | Build | Stable |
| 22:14 | Create | Villager (Male) |
| 22:15 | Create | Villager (Male) |
| 22:15 | Create | Villager (Male) |
| 22:18 | Research | Town Watch |
| 22:21 | Create | Villager (Male) |
| 22:22 | Create | Villager (Male) |
| 22:22 | Create | Villager (Male) |
| 22:26 | Build | Farm |
| 22:29 | Build | Farm |
| 22:43 | Build | University |
| 22:47 | Build | Monastery |
| 22:52 | Create | Villager (Male) |
| 22:52 | Create | Villager (Male) |
| 22:52 | Create | Villager (Male) |
| 22:52 | Create | Villager (Male) |
| 22:52 | Create | Villager (Male) |
| 23:13 | Create | Villager (Male) |
| 23:15 | Create | Villager (Male) |
| 23:20 | Build | Farm |
| 23:27 | Build | Farm |
| 23:31 | Build | Farm |
| 23:37 | Create | Villager (Male) |
| 23:40 | Build | Farm |
| 23:44 | Build | Farm |
| 23:53 | Build | House |
| 23:58 | Build | House |
| 24:11 | Build | Stable |
| 24:28 | Research | Hand Cart |
| 24:36 | Create | Villager (Male) |
| 24:36 | Create | Villager (Male) |
| 24:36 | Create | Villager (Male) |
| 24:36 | Create | Villager (Male) |
| 24:43 | Build | Farm |
| 24:44 | Create | Villager (Male) |
| 25:26 | Build | Mining Camp |
| 25:32 | Create | Villager (Male) |
| 25:55 | Create | Monk |
| 25:55 | Create | Monk |
| 25:55 | Create | Monk |
| 26:00 | Create | Villager (Male) |
Build order — [fgook] 鱼塘支付宝
First 150 of 341 actions detected
| 0:02 | Build | House |
| 0:04 | Build | House |
| 0:11 | Create | Villager (Male) |
| 0:11 | Create | Villager (Male) |
| 0:11 | Create | Villager (Male) |
| 0:11 | Create | Villager (Male) |
| 0:11 | Create | Villager (Male) |
| 0:12 | Create | Villager (Male) |
| 1:31 | Create | Villager (Male) |
| 1:31 | Create | Villager (Male) |
| 2:15 | Create | Villager (Male) |
| 2:16 | Create | Villager (Male) |
| 2:16 | Create | Villager (Male) |
| 2:39 | Create | Villager (Male) |
| 2:40 | Create | Villager (Male) |
| 2:40 | Create | Villager (Male) |
| 2:43 | Build | Lumber Camp |
| 2:53 | Create | Villager (Male) |
| 2:53 | Create | Villager (Male) |
| 3:23 | Create | Villager (Male) |
| 3:23 | Create | Villager (Male) |
| 3:24 | Create | Villager (Male) |
| 3:24 | Create | Villager (Male) |
| 3:44 | Create | Villager (Male) |
| 3:44 | Create | Villager (Male) |
| 3:54 | Build | House |
| 4:59 | Build | House |
| 5:06 | Create | Villager (Male) |
| 5:07 | Create | Villager (Male) |
| 5:07 | Create | Villager (Male) |
| 5:21 | Build | Mill |
| 6:11 | Create | Villager (Male) |
| 6:11 | Create | Villager (Male) |
| 6:11 | Create | Villager (Male) |
| 6:32 | Build | Mill |
| 6:39 | Create | Villager (Male) |
| 6:40 | Create | Villager (Male) |
| 7:12 | Build | House |
| 8:22 | Create | Villager (Male) |
| 8:22 | Create | Villager (Male) |
| 8:23 | Create | Villager (Male) |
| 8:23 | Create | Villager (Male) |
| 8:23 | Create | Villager (Male) |
| 8:24 | Create | Villager (Male) |
| 9:21 | Build | Mining Camp |
| 9:49 | Build | Farm |
| 10:16 | Create | Villager (Male) |
| 10:34 | Build | Farm |
| 10:37 | Build | Farm |
| 10:39 | Research | Feudal Age |
| 12:03 | Create | Villager (Male) |
| 12:49 | Age | Feudal Age |
| 12:56 | Build | Blacksmith |
| 13:01 | Build | Market |
| 13:08 | Create | Villager (Male) |
| 13:18 | Build | Farm |
| 13:22 | Research | Double-Bit Axe |
| 13:22 | Research | Double-Bit Axe |
| 13:24 | Research | Gold Mining |
| 13:33 | Build | Lumber Camp |
| 13:36 | Create | Villager (Male) |
| 13:49 | Research | Castle Age |
| 13:50 | Research | Castle Age |
| 13:59 | Build | Farm |
| 14:05 | Build | Farm |
| 14:14 | Build | House |
| 14:16 | Build | House |
| 14:18 | Build | House |
| 14:54 | Research | Horse Collar |
| 14:54 | Research | Horse Collar |
| 15:04 | Build | Farm |
| 15:17 | Build | Farm |
| 15:21 | Build | Farm |
| 15:28 | Build | Farm |
| 15:35 | Build | Farm |
| 15:53 | Build | Farm |
| 15:57 | Build | Farm |
| 16:09 | Create | Villager (Male) |
| 16:09 | Create | Villager (Male) |
| 16:29 | Age | Castle Age |
| 16:32 | Create | Villager (Male) |
| 16:32 | Create | Villager (Male) |
| 16:46 | Build | Barracks |
| 17:41 | Build | Town Center |
| 17:53 | Build | Farm |
| 18:27 | Build | Farm |
| 19:05 | Create | Villager (Male) |
| 19:06 | Create | Villager (Male) |
| 19:10 | Create | Villager (Male) |
| 19:12 | Create | Villager (Male) |
| 19:13 | Create | Villager (Male) |
| 19:33 | Build | Monastery |
| 19:41 | Create | Villager (Male) |
| 19:42 | Create | Villager (Male) |
| 19:42 | Create | Villager (Male) |
| 19:49 | Create | Villager (Male) |
| 20:07 | Build | Siege Workshop |
| 20:19 | Build | Farm |
| 20:22 | Build | Farm |
| 20:22 | Build | Farm |
| 20:23 | Build | Farm |
| 20:54 | Research | Imperial Age |
| 20:55 | Research | Imperial Age |
| 21:24 | Build | House |
| 21:30 | Build | Farm |
| 21:43 | Research | Bow Saw |
| 21:49 | Build | Lumber Camp |
| 22:14 | Build | Archery Range |
| 22:24 | Build | Archery Range |
| 22:26 | Build | Archery Range |
| 22:34 | Create | Villager (Male) |
| 22:34 | Create | Villager (Male) |
| 22:42 | Research | Gold Shaft Mining |
| 23:28 | Build | Archery Range |
| 23:46 | Build | Town Center |
| 24:00 | Create | Villager (Male) |
| 24:00 | Create | Villager (Male) |
| 24:06 | Age | Imperial Age |
| 24:12 | Build | Siege Workshop |
| 24:17 | Create | Hand Cannoneer |
| 24:17 | Create | Hand Cannoneer |
| 24:28 | Create | Villager (Male) |
| 24:33 | Create | Villager (Male) |
| 24:34 | Create | Villager (Male) |
| 24:36 | Research | Wheelbarrow |
| 24:36 | Research | Wheelbarrow |
| 24:39 | Create | Villager (Male) |
| 24:39 | Create | Villager (Male) |
| 24:46 | Build | House |
| 24:47 | Build | House |
| 24:48 | Build | House |
| 24:49 | Build | House |
| 24:51 | Build | House |
| 24:59 | Create | Hand Cannoneer |
| 24:59 | Create | Hand Cannoneer |
| 25:12 | Create | Villager (Male) |
| 25:12 | Create | Villager (Male) |
| 25:12 | Create | Villager (Male) |
| 25:20 | Create | Villager (Male) |
| 25:21 | Create | Villager (Male) |
| 25:21 | Create | Villager (Male) |
| 25:37 | Create | Hand Cannoneer |
| 25:44 | Research | Fletching |
| 25:51 | Create | Hand Cannoneer |
| 25:56 | Create | Bombard Cannon |
| 26:00 | Create | Villager (Male) |
| 26:00 | Create | Villager (Male) |
| 26:06 | Research | Bow Saw |
| 26:09 | Create | Villager (Male) |
| 26:11 | Create | Villager (Male) |
Build order — Menke00
First 150 of 380 actions detected
| 0:06 | Build | House |
| 0:08 | Build | House |
| 0:10 | Create | Villager (Male) |
| 0:11 | Create | Villager (Male) |
| 0:11 | Create | Villager (Male) |
| 0:11 | Create | Villager (Male) |
| 0:11 | Create | Villager (Male) |
| 1:54 | Create | Villager (Male) |
| 1:55 | Create | Villager (Male) |
| 2:23 | Create | Villager (Male) |
| 2:24 | Create | Villager (Male) |
| 2:48 | Create | Villager (Male) |
| 3:26 | Create | Villager (Male) |
| 3:37 | Create | Villager (Male) |
| 3:37 | Create | Villager (Male) |
| 3:58 | Build | House |
| 4:00 | Build | House |
| 4:01 | Build | House |
| 4:04 | Build | House |
| 4:20 | Create | Villager (Male) |
| 4:20 | Create | Villager (Male) |
| 4:25 | Build | Mill |
| 4:49 | Create | Villager (Male) |
| 4:50 | Create | Villager (Male) |
| 5:01 | Build | Mill |
| 5:13 | Create | Villager (Male) |
| 5:13 | Create | Villager (Male) |
| 5:45 | Create | Villager (Male) |
| 5:46 | Create | Villager (Male) |
| 6:14 | Create | Villager (Male) |
| 6:15 | Create | Villager (Male) |
| 6:36 | Create | Villager (Male) |
| 6:36 | Create | Villager (Male) |
| 6:39 | Create | Villager (Male) |
| 6:40 | Create | Villager (Male) |
| 6:50 | Create | Villager (Male) |
| 6:50 | Create | Villager (Male) |
| 7:35 | Create | Villager (Male) |
| 7:36 | Create | Villager (Male) |
| 7:36 | Create | Villager (Male) |
| 7:36 | Create | Villager (Male) |
| 7:45 | Build | Mule Cart |
| 7:46 | Create | Villager (Male) |
| 7:47 | Create | Villager (Male) |
| 8:21 | Create | Villager (Male) |
| 8:22 | Create | Villager (Male) |
| 10:45 | Research | Feudal Age |
| 12:45 | Create | Villager (Male) |
| 12:46 | Create | Villager (Male) |
| 12:46 | Create | Villager (Male) |
| 12:55 | Age | Feudal Age |
| 12:57 | Build | Market |
| 13:01 | Build | Blacksmith |
| 13:10 | Build | Farm |
| 13:12 | Build | Farm |
| 13:13 | Build | Farm |
| 13:24 | Build | Farm |
| 13:26 | Build | Farm |
| 13:27 | Build | Farm |
| 13:29 | Build | Farm |
| 13:30 | Build | Farm |
| 13:46 | Build | Farm |
| 13:48 | Build | Farm |
| 13:50 | Build | Farm |
| 13:53 | Research | Castle Age |
| 13:54 | Research | Castle Age |
| 14:28 | Create | Villager (Male) |
| 14:28 | Create | Villager (Male) |
| 14:29 | Create | Villager (Male) |
| 14:52 | Build | Mule Cart |
| 14:57 | Research | Wheelbarrow |
| 16:06 | Research | Double-Bit Axe |
| 16:50 | Age | Castle Age |
| 16:52 | Build | Town Center |
| 17:10 | Build | Town Center |
| 17:21 | Create | Villager (Male) |
| 17:21 | Create | Villager (Male) |
| 17:22 | Create | Villager (Male) |
| 17:29 | Create | Villager (Male) |
| 17:30 | Create | Villager (Male) |
| 17:48 | Create | Villager (Male) |
| 17:48 | Create | Villager (Male) |
| 18:28 | Create | Villager (Male) |
| 18:29 | Create | Villager (Male) |
| 18:29 | Create | Villager (Male) |
| 18:30 | Create | Villager (Male) |
| 18:30 | Create | Villager (Male) |
| 18:30 | Create | Villager (Male) |
| 19:01 | Build | House |
| 19:02 | Build | House |
| 19:12 | Build | House |
| 19:47 | Create | Villager (Male) |
| 19:47 | Create | Villager (Male) |
| 19:47 | Create | Villager (Male) |
| 19:48 | Create | Villager (Male) |
| 19:48 | Create | Villager (Male) |
| 19:48 | Create | Villager (Male) |
| 19:49 | Create | Villager (Male) |
| 19:49 | Create | Villager (Male) |
| 19:49 | Create | Villager (Male) |
| 20:00 | Build | Farm |
| 20:25 | Build | Castle |
| 20:40 | Build | Barracks |
| 20:49 | Build | Farm |
| 20:53 | Build | Farm |
| 20:54 | Create | Villager (Male) |
| 20:54 | Create | Villager (Male) |
| 20:55 | Create | Villager (Male) |
| 21:14 | Build | Monastery |
| 21:27 | Build | Farm |
| 21:29 | Build | Farm |
| 21:47 | Build | Farm |
| 21:54 | Build | House |
| 22:27 | Create | Monaspa |
| 22:27 | Create | Monaspa |
| 22:28 | Create | Monaspa |
| 22:41 | Build | Farm |
| 22:54 | Build | Farm |
| 23:00 | Create | Villager (Male) |
| 23:00 | Create | Villager (Male) |
| 23:01 | Create | Villager (Male) |
| 23:01 | Create | Villager (Male) |
| 23:01 | Create | Villager (Male) |
| 23:01 | Create | Villager (Male) |
| 23:02 | Create | Villager (Male) |
| 23:09 | Create | Monaspa |
| 23:09 | Create | Monaspa |
| 23:10 | Create | Monaspa |
| 23:11 | Create | Monaspa |
| 23:11 | Create | Monaspa |
| 23:14 | Build | Farm |
| 23:15 | Build | Farm |
| 23:17 | Build | Farm |
| 23:19 | Create | Villager (Male) |
| 23:19 | Create | Villager (Male) |
| 23:23 | Build | House |
| 23:43 | Create | Monaspa |
| 23:43 | Create | Monaspa |
| 23:46 | Build | Farm |
| 24:02 | Create | Monaspa |
| 24:02 | Create | Monaspa |
| 24:02 | Create | Monaspa |
| 24:07 | Create | Villager (Male) |
| 24:07 | Create | Villager (Male) |
| 24:35 | Build | Farm |
| 24:36 | Build | Farm |
| 24:39 | Create | Villager (Male) |
| 24:39 | Create | Villager (Male) |
| 24:39 | Create | Villager (Male) |
| 24:40 | Create | Villager (Male) |
Build order — Lobule
First 150 of 317 actions detected
| 0:03 | Create | Villager (Male) |
| 0:03 | Create | Villager (Male) |
| 0:03 | Create | Villager (Male) |
| 0:03 | Create | Villager (Male) |
| 0:04 | Create | Villager (Male) |
| 0:04 | Create | Villager (Male) |
| 0:07 | Build | House |
| 0:08 | Build | House |
| 1:49 | Build | Lumber Camp |
| 2:12 | Create | Villager (Male) |
| 2:13 | Create | Villager (Male) |
| 2:13 | Create | Villager (Male) |
| 2:13 | Create | Villager (Male) |
| 2:37 | Create | Villager (Male) |
| 3:09 | Create | Villager (Male) |
| 3:10 | Create | Villager (Male) |
| 3:10 | Create | Villager (Male) |
| 3:38 | Create | Villager (Male) |
| 3:38 | Create | Villager (Male) |
| 3:38 | Create | Villager (Male) |
| 4:28 | Create | Villager (Male) |
| 4:28 | Create | Villager (Male) |
| 4:28 | Create | Villager (Male) |
| 4:28 | Create | Villager (Male) |
| 4:37 | Build | House |
| 4:38 | Build | House |
| 5:25 | Create | Villager (Male) |
| 5:25 | Create | Villager (Male) |
| 5:25 | Create | Villager (Male) |
| 6:24 | Create | Villager (Male) |
| 6:24 | Create | Villager (Male) |
| 6:24 | Create | Villager (Male) |
| 6:39 | Build | Mill |
| 6:44 | Create | Villager (Male) |
| 6:44 | Create | Villager (Male) |
| 6:44 | Create | Villager (Male) |
| 6:44 | Create | Villager (Male) |
| 6:44 | Create | Villager (Male) |
| 8:04 | Create | Villager (Male) |
| 8:04 | Create | Villager (Male) |
| 8:05 | Create | Villager (Male) |
| 8:05 | Create | Villager (Male) |
| 8:05 | Create | Villager (Male) |
| 8:05 | Create | Villager (Male) |
| 8:51 | Build | House |
| 8:52 | Build | House |
| 9:12 | Build | Mining Camp |
| 9:44 | Create | Villager (Male) |
| 9:44 | Create | Villager (Male) |
| 11:00 | Research | Feudal Age |
| 11:04 | Research | Loom |
| 11:15 | Build | Barracks |
| 11:48 | Build | Mill |
| 12:38 | Build | Farm |
| 13:18 | Age | Feudal Age |
| 13:19 | Create | Villager (Male) |
| 13:19 | Create | Villager (Male) |
| 13:20 | Create | Villager (Male) |
| 13:32 | Research | Gold Mining |
| 13:36 | Research | Double-Bit Axe |
| 14:09 | Build | Farm |
| 14:36 | Build | Archery Range |
| 15:00 | Build | Stable |
| 15:19 | Create | Villager (Male) |
| 15:19 | Create | Villager (Male) |
| 15:19 | Create | Villager (Male) |
| 15:28 | Build | House |
| 15:29 | Build | House |
| 15:31 | Build | House |
| 15:40 | Build | Farm |
| 15:49 | Build | Farm |
| 15:57 | Build | Farm |
| 16:04 | Build | Farm |
| 16:09 | Build | Farm |
| 16:17 | Build | Farm |
| 16:25 | Build | Farm |
| 16:29 | Build | Farm |
| 16:37 | Build | Farm |
| 16:41 | Research | Castle Age |
| 16:47 | Build | Farm |
| 16:55 | Build | Farm |
| 16:59 | Build | Farm |
| 17:07 | Build | Farm |
| 17:52 | Research | Horse Collar |
| 18:25 | Build | Market |
| 18:54 | Build | Blacksmith |
| 19:21 | Age | Castle Age |
| 19:37 | Build | Monastery |
| 19:53 | Research | Bow Saw |
| 20:15 | Create | Villager (Male) |
| 20:16 | Create | Villager (Male) |
| 20:19 | Create | Villager (Male) |
| 20:20 | Create | Villager (Male) |
| 20:20 | Create | Villager (Male) |
| 20:34 | Build | Lumber Camp |
| 20:54 | Research | Gold Shaft Mining |
| 21:35 | Build | Archery Range |
| 22:47 | Build | University |
| 23:39 | Research | Heavy Plow |
| 24:07 | Research | Imperial Age |
| 24:07 | Research | Imperial Age |
| 24:16 | Build | Town Center |
| 24:44 | Build | Farm |
| 24:59 | Build | Farm |
| 25:08 | Build | Farm |
| 25:15 | Build | Farm |
| 25:51 | Build | Farm |
| 26:02 | Build | Lumber Camp |
| 26:32 | Research | Wheelbarrow |
| 26:46 | Research | Stone Mining |
| 27:14 | Create | Villager (Male) |
| 27:14 | Create | Villager (Male) |
| 27:14 | Create | Villager (Male) |
| 27:14 | Create | Villager (Male) |
| 27:17 | Age | Imperial Age |
| 27:25 | Create | Hand Cannoneer |
| 27:25 | Create | Hand Cannoneer |
| 27:25 | Create | Hand Cannoneer |
| 27:26 | Create | Hand Cannoneer |
| 27:27 | Create | Hand Cannoneer |
| 27:27 | Create | Hand Cannoneer |
| 27:27 | Create | Hand Cannoneer |
| 27:28 | Create | Hand Cannoneer |
| 27:28 | Create | Hand Cannoneer |
| 27:28 | Create | Hand Cannoneer |
| 27:28 | Create | Hand Cannoneer |
| 27:29 | Create | Hand Cannoneer |
| 27:51 | Create | Villager (Male) |
| 27:52 | Create | Villager (Male) |
| 28:15 | Build | Siege Workshop |
| 28:23 | Build | House |
| 28:25 | Build | House |
| 28:27 | Build | House |
| 28:30 | Build | House |
| 28:32 | Build | House |
| 28:34 | Build | House |
| 28:36 | Build | House |
| 28:41 | Build | House |
| 28:42 | Build | House |
| 28:54 | Research | Hand Cart |
| 28:57 | Create | Villager (Male) |
| 28:57 | Create | Villager (Male) |
| 28:57 | Create | Villager (Male) |
| 28:58 | Create | Villager (Male) |
| 29:28 | Create | Bombard Cannon |
| 29:28 | Create | Bombard Cannon |
| 29:29 | Create | Bombard Cannon |
| 29:46 | Research | Town Watch |
| 29:53 | Create | Hand Cannoneer |
| 29:53 | Create | Hand Cannoneer |
Build order — JustTheKing
First 150 of 378 actions detected
| 0:01 | Create | Villager (Male) |
| 0:01 | Create | Villager (Male) |
| 0:02 | Create | Villager (Male) |
| 0:02 | Create | Villager (Male) |
| 0:03 | Build | House |
| 0:04 | Build | House |
| 1:29 | Create | Villager (Male) |
| 1:59 | Create | Villager (Male) |
| 1:59 | Create | Villager (Male) |
| 2:23 | Create | Villager (Male) |
| 2:23 | Create | Villager (Male) |
| 2:54 | Create | Villager (Male) |
| 2:55 | Create | Villager (Male) |
| 2:59 | Create | Villager (Male) |
| 3:00 | Create | Villager (Male) |
| 3:31 | Create | Villager (Male) |
| 3:31 | Create | Villager (Male) |
| 3:52 | Create | Villager (Male) |
| 3:52 | Create | Villager (Male) |
| 3:58 | Build | House |
| 3:59 | Build | House |
| 4:43 | Create | Villager (Male) |
| 4:44 | Create | Villager (Male) |
| 4:44 | Create | Villager (Male) |
| 5:32 | Create | Villager (Male) |
| 5:32 | Create | Villager (Male) |
| 5:34 | Create | Villager (Male) |
| 5:34 | Create | Villager (Male) |
| 5:40 | Create | Villager (Male) |
| 5:40 | Create | Villager (Male) |
| 5:54 | Build | Lumber Camp |
| 6:08 | Build | Mill |
| 6:30 | Create | Villager (Male) |
| 6:31 | Create | Villager (Male) |
| 6:31 | Create | Villager (Male) |
| 6:59 | Create | Villager (Male) |
| 6:59 | Create | Villager (Male) |
| 6:59 | Create | Villager (Male) |
| 8:06 | Build | Mill |
| 8:41 | Build | Mining Camp |
| 8:57 | Research | Feudal Age |
| 10:32 | Create | Villager (Male) |
| 10:32 | Create | Villager (Male) |
| 10:38 | Build | House |
| 10:39 | Build | House |
| 11:07 | Age | Feudal Age |
| 11:12 | Build | Market |
| 11:27 | Build | Blacksmith |
| 11:32 | Create | Villager (Male) |
| 11:37 | Build | Farm |
| 11:41 | Build | Farm |
| 11:46 | Build | Farm |
| 11:50 | Build | Farm |
| 11:58 | Build | Farm |
| 12:05 | Build | Farm |
| 12:21 | Create | Villager (Male) |
| 12:27 | Build | Farm |
| 12:36 | Create | Villager (Male) |
| 12:54 | Build | Farm |
| 13:22 | Research | Castle Age |
| 13:23 | Research | Castle Age |
| 13:34 | Build | Mining Camp |
| 13:40 | Research | Double-Bit Axe |
| 14:11 | Research | Horse Collar |
| 14:30 | Build | Barracks |
| 14:35 | Build | House |
| 15:00 | Create | Villager (Male) |
| 15:00 | Create | Villager (Male) |
| 16:02 | Age | Castle Age |
| 16:05 | Build | Town Center |
| 16:06 | Create | Villager (Male) |
| 16:18 | Build | Town Center |
| 16:19 | Create | Villager (Male) |
| 16:28 | Create | Spearman |
| 16:28 | Create | Spearman |
| 16:28 | Create | Spearman |
| 17:31 | Build | Farm |
| 17:46 | Create | Villager (Male) |
| 17:46 | Create | Villager (Male) |
| 17:55 | Build | House |
| 18:13 | Create | Villager (Male) |
| 18:13 | Create | Villager (Male) |
| 18:22 | Build | Castle |
| 18:24 | Create | Villager (Male) |
| 18:29 | Create | Villager (Male) |
| 18:33 | Build | Farm |
| 18:35 | Create | Villager (Male) |
| 18:36 | Create | Villager (Male) |
| 18:41 | Build | Farm |
| 18:45 | Build | Farm |
| 18:46 | Create | Villager (Male) |
| 19:16 | Build | House |
| 19:17 | Build | House |
| 19:18 | Create | Villager (Male) |
| 19:22 | Build | Farm |
| 19:22 | Build | Farm |
| 19:31 | Build | Farm |
| 19:34 | Build | Farm |
| 19:35 | Create | Villager (Male) |
| 19:36 | Create | Villager (Male) |
| 19:42 | Build | Mining Camp |
| 19:43 | Create | Villager (Male) |
| 20:28 | Create | Villager (Male) |
| 20:28 | Create | Villager (Male) |
| 20:37 | Build | Town Center |
| 20:43 | Create | Villager (Male) |
| 20:45 | Create | Villager (Male) |
| 21:11 | Build | Outpost |
| 21:13 | Build | Outpost |
| 21:15 | Build | Outpost |
| 21:16 | Build | Outpost |
| 21:19 | Build | Outpost |
| 21:20 | Create | Villager (Male) |
| 21:20 | Create | Villager (Male) |
| 21:33 | Create | Villager (Male) |
| 21:34 | Create | Villager (Male) |
| 21:52 | Create | Villager (Male) |
| 21:52 | Create | Villager (Male) |
| 21:55 | Build | Farm |
| 21:55 | Build | Farm |
| 21:56 | Build | Farm |
| 21:56 | Build | Farm |
| 21:56 | Build | Farm |
| 21:57 | Build | Farm |
| 21:58 | Build | Farm |
| 21:58 | Build | Farm |
| 21:58 | Build | Farm |
| 22:07 | Create | Villager (Male) |
| 22:07 | Create | Villager (Male) |
| 22:13 | Create | Villager (Male) |
| 22:27 | Create | Villager (Male) |
| 22:37 | Build | Farm |
| 22:51 | Build | Outpost |
| 22:56 | Create | Villager (Male) |
| 22:57 | Create | Villager (Male) |
| 22:57 | Create | Villager (Male) |
| 23:04 | Build | Farm |
| 23:05 | Build | Farm |
| 23:05 | Build | Farm |
| 23:10 | Create | Villager (Male) |
| 23:14 | Build | Farm |
| 23:19 | Create | Villager (Male) |
| 23:20 | Create | Villager (Male) |
| 23:23 | Build | Farm |
| 23:25 | Create | Villager (Male) |
| 23:41 | Create | Villager (Male) |
| 23:41 | Create | Villager (Male) |
| 23:44 | Build | Farm |
| 23:49 | Build | Farm |
| 24:02 | Create | Villager (Male) |
Build order — Evellanda
First 150 of 509 actions detected
| 0:03 | Build | House |
| 0:05 | Build | House |
| 0:07 | Create | Villager (Male) |
| 0:07 | Create | Villager (Male) |
| 0:07 | Create | Villager (Male) |
| 0:07 | Create | Villager (Male) |
| 0:08 | Create | Villager (Male) |
| 1:31 | Create | Villager (Male) |
| 1:31 | Create | Villager (Male) |
| 2:07 | Create | Villager (Male) |
| 2:07 | Create | Villager (Male) |
| 2:36 | Create | Villager (Male) |
| 2:36 | Create | Villager (Male) |
| 2:45 | Create | Villager (Male) |
| 2:45 | Create | Villager (Male) |
| 3:08 | Create | Villager (Male) |
| 3:08 | Create | Villager (Male) |
| 3:16 | Create | Villager (Male) |
| 3:17 | Create | Villager (Male) |
| 3:26 | Build | House |
| 3:27 | Build | House |
| 3:29 | Build | House |
| 3:59 | Create | Villager (Male) |
| 3:59 | Create | Villager (Male) |
| 3:59 | Create | Villager (Male) |
| 4:00 | Create | Villager (Male) |
| 4:18 | Create | Villager (Male) |
| 4:19 | Create | Villager (Male) |
| 5:08 | Create | Villager (Male) |
| 5:08 | Create | Villager (Male) |
| 5:09 | Create | Villager (Male) |
| 6:10 | Create | Villager (Male) |
| 6:11 | Create | Villager (Male) |
| 6:24 | Build | Mill |
| 7:16 | Create | Villager (Male) |
| 7:26 | Build | Lumber Camp |
| 8:12 | Create | Villager (Male) |
| 8:13 | Create | Villager (Male) |
| 8:46 | Research | Feudal Age |
| 8:53 | Build | Mill |
| 9:03 | Build | Farm |
| 9:24 | Build | Farm |
| 9:37 | Create | Villager (Male) |
| 9:37 | Create | Villager (Male) |
| 9:37 | Create | Villager (Male) |
| 9:45 | Build | House |
| 9:49 | Build | House |
| 10:49 | Build | Barracks |
| 11:12 | Age | Feudal Age |
| 11:24 | Build | Market |
| 12:18 | Build | Blacksmith |
| 12:23 | Create | Villager (Male) |
| 12:33 | Build | Farm |
| 12:52 | Research | Castle Age |
| 13:02 | Build | Farm |
| 13:04 | Build | Farm |
| 13:05 | Build | Farm |
| 13:09 | Build | Farm |
| 13:18 | Research | Double-Bit Axe |
| 14:12 | Build | House |
| 14:15 | Build | House |
| 14:23 | Build | Archery Range |
| 14:35 | Create | Spearman |
| 14:35 | Create | Spearman |
| 14:39 | Create | Spearman |
| 14:51 | Create | Villager (Male) |
| 14:51 | Create | Villager (Male) |
| 15:32 | Age | Castle Age |
| 15:36 | Build | Town Center |
| 16:13 | Build | Farm |
| 16:15 | Build | Farm |
| 16:30 | Build | Outpost |
| 16:37 | Create | Villager (Male) |
| 16:37 | Create | Villager (Male) |
| 16:38 | Create | Villager (Male) |
| 16:38 | Create | Villager (Male) |
| 16:41 | Research | Bow Saw |
| 16:52 | Build | Farm |
| 16:53 | Build | Farm |
| 16:54 | Build | Farm |
| 16:55 | Build | Farm |
| 17:06 | Build | Farm |
| 17:23 | Create | Skirmisher |
| 17:23 | Create | Skirmisher |
| 17:23 | Create | Skirmisher |
| 17:24 | Create | Skirmisher |
| 17:33 | Build | Farm |
| 17:37 | Create | Villager (Male) |
| 17:38 | Create | Villager (Male) |
| 17:38 | Research | Wheelbarrow |
| 17:40 | Create | Villager (Male) |
| 17:40 | Create | Villager (Male) |
| 18:11 | Build | Mining Camp |
| 18:17 | Create | Villager (Male) |
| 18:17 | Create | Villager (Male) |
| 18:18 | Create | Villager (Male) |
| 18:34 | Create | Villager (Male) |
| 18:34 | Create | Villager (Male) |
| 18:39 | Build | Farm |
| 18:49 | Research | Horse Collar |
| 18:58 | Build | Lumber Camp |
| 19:06 | Create | Villager (Male) |
| 19:06 | Create | Villager (Male) |
| 19:23 | Build | Farm |
| 19:38 | Create | Villager (Male) |
| 19:38 | Create | Villager (Male) |
| 20:09 | Build | Mining Camp |
| 20:15 | Create | Villager (Male) |
| 20:15 | Create | Villager (Male) |
| 20:19 | Research | Stone Mining |
| 20:34 | Create | Villager (Male) |
| 20:34 | Create | Villager (Male) |
| 20:46 | Create | Skirmisher |
| 20:46 | Create | Skirmisher |
| 20:47 | Create | Skirmisher |
| 20:47 | Research | Elite Skirmisher (upgrade) |
| 20:57 | Build | House |
| 20:58 | Build | House |
| 20:58 | Build | House |
| 21:01 | Build | House |
| 21:11 | Build | House |
| 21:13 | Build | House |
| 21:14 | Build | House |
| 21:15 | Build | House |
| 21:17 | Build | House |
| 21:22 | Research | Hand Cart |
| 21:47 | Create | Skirmisher |
| 21:48 | Create | Skirmisher |
| 21:54 | Create | Villager (Male) |
| 21:54 | Create | Villager (Male) |
| 21:55 | Create | Villager (Male) |
| 22:13 | Research | Gold Mining |
| 22:27 | Build | Farm |
| 23:17 | Build | Farm |
| 23:18 | Build | Farm |
| 23:20 | Build | Farm |
| 23:24 | Create | Villager (Male) |
| 23:24 | Create | Villager (Male) |
| 23:24 | Create | Villager (Male) |
| 23:24 | Create | Villager (Male) |
| 23:25 | Create | Villager (Male) |
| 23:44 | Build | Lumber Camp |
| 24:04 | Research | Gold Shaft Mining |
| 24:15 | Build | Farm |
| 24:16 | Build | Farm |
| 24:18 | Build | Farm |
| 24:25 | Build | Farm |
| 24:28 | Build | Farm |
| 24:29 | Build | Farm |
| 24:38 | Research | Thumb Ring |
Match timeline
| 10:49 | Evellanda · first_building Barracks |
| 11:07 | JustTheKing · age_up feudal |
| 11:12 | Evellanda · age_up feudal |
| 11:15 | Lobule · first_building Barracks |
| 11:17 | 给你医保卡打欠费 · age_up feudal |
| 12:49 | [fgook] 鱼塘支付宝 · age_up feudal |
| 12:55 | Menke00 · age_up feudal |
| 13:18 | Lobule · age_up feudal |
| 14:23 | Evellanda · first_building Archery Range |
| 14:30 | JustTheKing · first_building Barracks |
| 14:36 | Lobule · first_building Archery Range |
| 15:00 | Lobule · first_building Stable |
| 15:32 | Evellanda · age_up castle |
| 16:02 | JustTheKing · age_up castle |
| 16:28 | 给你医保卡打欠费 · first_building Barracks |
| 16:29 | [fgook] 鱼塘支付宝 · age_up castle |
| 16:46 | [fgook] 鱼塘支付宝 · first_building Barracks |
| 16:50 | Menke00 · age_up castle |
| 17:35 | [fgook] 鱼塘支付宝 · first_market_buy 100 wood |
| 18:02 | 给你医保卡打欠费 · age_up castle |
| 18:22 | JustTheKing · first_building Castle |
| 19:21 | Lobule · age_up castle |
| 19:33 | [fgook] 鱼塘支付宝 · first_building Monastery |
| 19:37 | Lobule · first_building Monastery |
| 20:07 | [fgook] 鱼塘支付宝 · first_building Siege Workshop |
| 20:25 | Menke00 · first_building Castle |
| 20:40 | Menke00 · first_building Barracks |
| 21:14 | Menke00 · first_building Monastery |
| 22:08 | 给你医保卡打欠费 · first_building Stable |
| 22:14 | [fgook] 鱼塘支付宝 · first_building Archery Range |
| 22:47 | 给你医保卡打欠费 · first_building Monastery |
| 24:06 | [fgook] 鱼塘支付宝 · age_up imperial |
| 25:03 | Evellanda · first_building Siege Workshop |
| 25:39 | Evellanda · first_building Castle |
| 26:16 | JustTheKing · first_market_sell 100 stone |
| 26:17 | JustTheKing · first_market_buy 100 food |
| 26:35 | JustTheKing · first_building Stable |
| 27:07 | JustTheKing · first_building Siege Workshop |
| 27:17 | Lobule · age_up imperial |
| 27:24 | 给你医保卡打欠费 · first_building Castle |
| 27:59 | JustTheKing · first_building Archery Range |
| 28:15 | Lobule · first_building Siege Workshop |
| 28:29 | Menke00 · first_building Stable |
| 28:40 | 给你医保卡打欠费 · first_building Siege Workshop |
| 29:30 | JustTheKing · age_up imperial |
| 31:18 | 给你医保卡打欠费 · age_up imperial |
| 31:30 | Evellanda · age_up imperial |
| 33:14 | Lobule · first_building Castle |
| 34:04 | Menke00 · age_up imperial |
| 34:09 | Menke00 · first_building Archery Range |
| 42:00 | Evellanda · first_market_sell 100 stone |
| 42:07 | Evellanda · first_market_buy 100 food |
| 42:23 | [fgook] 鱼塘支付宝 · first_building Castle |
| 45:12 | Lobule · resign |
[ AI ANALYSIS · 1 CREDIT ]
What really happened in this match?
Wolo.gg analyzes every decision: build order, eco, micro, common mistakes by bracket. Personalized analysis on WhatsApp or Discord in 30 seconds.
Civ guide
Portuguese
Perfil
Jugador #24606842